cohdb
Replays
Latest Replays
All Replays
Popular Replays
Top Player Replays
Match Explorer
How It Works
Community
CoH3 Stats
Reddit
Sign in to upload your games and track your stats! →
Sign in with Steam
Match 43680086
Unlisted
Match 43680086
Overview
Messages
Build Orders
End
Panzergrenadier Squad
Selects Italian Infantry
Panzergrenadier Squad
Panzergrenadier Squad
Construct Light Support Kompanie
Selects Defensive Operations
2.5-tonne Medical Truck
Panzerjäger Squad
Construct Mechanized Kompanie
Construct Panzerarmee Kommand
Selects Prepared Positions
Panzerjäger Squad
Armored Reserves
Selects Obice 305mm Barrage
Obice 305mm Barrage
Tiger Heavy Tank
Selects Guastatori Squad
Obice 305mm Barrage
Panzer III L Medium Tank
Selects Registered Artillery
Selects Towed Cannone da 105/28 Field Howitzer
Panzer III L Medium Tank
Panzer III L Medium Tank
Vehicle Survival Package
Obice 305mm Barrage
Tungsten Core Ammunition
Emergency Repair Kits
Obice 305mm Barrage
Panzer III L Medium Tank
Catkovsky
Abandoned
Charlie Doom
Blindeye
m4rk
Jd577
kurt0113
series
0
0
Comments
sign in to comment!
No comments posted yet!